 Dungeon Crawl Stone Soup version 0.17.0-28-g6e173f8 (webtiles) character file.

104876 MDvedh the Impaler (level 15, -6/126 HPs)
             Began as a Minotaur Venom Mage on Nov 22, 2015.
             Was the Champion of Okawaru.
             Mangled by Rupert
             ... wielding a +3 great sword of slicing
              (27 damage)
             ... on level 15 of the Dungeon.
             The game lasted 01:03:31 (35169 turns).

MDvedh the Impaler (Minotaur Venom Mage)           Turns: 35169, Time: 01:03:31

Health: -6/126     AC: 28    Str: 21    XL:     15   Next: 93%
Magic:  21/21      EV: 17    Int: 12    God:    Okawaru [******]
Gold:   1980       SH:  0    Dex: 12    Spells: 0 memorised, 16 levels left

rFire  + + .     SeeInvis +     X - +2 demon trident (venom)
rCold  + . .     Clarity  .     x - +5 scale mail of the Locust {rF+ SInv}
rNeg   . . .     SustAt   .     (no shield)
rPois  +         Gourm    .     (helmet restricted)
rElec  .         Spirit   .     L - +2 cloak {MR+}
rCorr  .         Warding  .     G - +2 pair of gloves {Str+3}
rMut   .         Stasis   .     w - +2 pair of boots
MR     +++..                    t - amulet of faith
Stlth  ..........               s - ring of poison resistance
                                Z - ring of protection from fire

@: extremely resistant to hostile enchantments, extremely unstealthy
A: retaliatory headbutt, fangs 1, horns 2, slimy green scales 1, blurry vision
2, cold resistance 1, frail 1, magic resistance 1
a: Heroism, Finesse, Renounce Religion


You were on level 15 of the Dungeon.
You worshipped Okawaru.
Okawaru was exalted by your worship.
You were not hungry.

You visited 4 branches of the dungeon, and saw 28 of its levels.
You also visited: Sewer and Volcano.

You collected 2488 gold pieces.
You spent 508 gold pieces at shops.

Inventory:

Hand Weapons
 V - the +7 glaive of a ziggurat {chop, rF+ rC+ Dex-4}
   (Okawaru gifted it to you on level 4 of the Lair of Beasts)

   It inflicts extra damage upon your enemies.
   It affects your dexterity (-4).
   It protects you from fire.
   It protects you from cold.
 X - a +2 demon trident of venom (weapon)
Armour
 w - a +2 pair of boots (worn)
 x - the +5 scale mail of the Locust (worn) {rF+ SInv}
   (Okawaru gifted it to you on level 2 of the Lair of Beasts)

   It protects you from fire.
   It lets you see invisible.
 G - a +2 pair of gloves of strength (worn)
 L - a +2 cloak of magic resistance (worn)
Jewellery
 d - an uncursed ring of ice
 p - an uncursed ring of flight
 s - a ring of poison resistance (right hand)
 t - an amulet of faith (around neck)
 I - an uncursed amulet of guardian spirit
 O - an uncursed ring of see invisible
 Z - a ring of protection from fire (left hand)
Wands
 e - a wand of digging (8)
 g - a wand of invisibility (3)
 u - a wand of fire (14)
 H - a wand of disintegration (5)
 J - a wand of paralysis (21)
Scrolls
 f - 4 scrolls of enchant armour
 i - 11 scrolls of remove curse
 k - 2 scrolls of fear
 q - 2 scrolls of magic mapping
 r - 13 scrolls of teleportation
 v - 3 scrolls of identify
 y - 3 scrolls of amnesia
 C - 5 scrolls of recharging
 F - a scroll of silence
 N - 4 scrolls of fog
 U - 4 scrolls of blinking
Potions
 h - 2 potions of resistance
 j - 13 potions of curing
 l - a potion of haste
 m - a potion of berserk rage
 z - 5 potions of brilliance
 A - 3 potions of magic
 B - 2 potions of might
 E - 4 potions of flight
 K - 3 potions of invisibility
 M - 4 potions of cancellation
 R - 5 potions of agility
Books
 D - a book of Battle

   Spells                             Type                      Level
   a - Infusion                       Charms                       1
   b - Shroud of Golubria             Charms/Translocation         2
   c - Song of Slaying                Charms                       2
   d - Spectral Weapon                Hexes/Charms                 3
   e - Regeneration                   Charms/Necromancy            3
Comestibles
 b - 19 fruits
 c - 7 bread rations
 n - 12 meat rations
 o - 3 beef jerkies


   Skills:
 + Level 15.3 Fighting
 * Level 16.0 Polearms
 + Level 15.4 Armour
 + Level 14.7 Dodging
 - Level 1.5 Stealth
 - Level 1.3 Spellcasting
   Level 2.9 Poison Magic
 - Level 10.1 Invocations


You had 16 spell levels left.
You didn't know any spells.

Dungeon Overview and Level Annotations

Branches:
Dungeon (15/15)            Temple (1/1) D:6            Lair (8/8) D:10
  Swamp (0/4) Lair:5        Snake (0/4) Lair:5        Slime (0/6) Lair:7
    Orc (4/4) D:10            Elf (0/3) Orc:4        Vaults (0/5) D:14
 Depths: D:15

Altars:
Ashenzari
Cheibriados
Dithmenos
Elyvilon
Fedhas
Gozag
Kikubaaqudgha
Makhleb
Nemelex Xobeh
Okawaru
Qazlal
Ru
Sif Muna
Trog
Vehumet
Xom
Yredelemnul
Zin
The Shining One
Jiyva

Shops:
D:9 [=(?   Orc:4 ((}[}

Annotations:
D:6 Thomus's ghost, novice HOFi
D:15 Rupert


Innate Abilities, Weirdness & Mutations

You reflexively headbutt those who attack you in melee.
You have a pair of horns on your head.
You have very sharp teeth.
You are partially covered in slimy green scales (AC +2).
Scrolls take you longer to read.
Your flesh is cold resistant.
You are frail (-10% HP).
You are resistant to hostile enchantments.


Message History

Okay, then.
Drink which item? (? for menu, Esc to quit)
Okay, then.
The crimson imp shouts, "Return whence thou came, thou craven tickle-brained flap-bat!"
You hear a shout!
Unknown command.
Rupert misses you. You furiously retaliate!
You headbutt Rupert, but do no damage.
Unknown command.
Unknown command.
Unknown command.
Rupert closely misses you.
Unknown command.
Unknown command.
Rupert completely misses you.
Unknown command.
Rupert rages.
Unknown command.
Rupert hits you with a great sword of slicing!!
You die...

.. .# .. ... ... #.# #.#
#.#..# ... ##.## ... ..#
#.##...##.#..##..##
#......... ......#
#.....#..##.#...#
#...@.# ....##..#
#..#@#..##.#..##.## ...
##.##....##..)..####
...##..C##....##.)......
.................)).####
...##...##....##....#
#.. .##.##....##....##
#. ..#.#..##.#..##.# .
#.....##.5..##..#


You could see Rupert (berserk).

Vanquished Creatures
  Saint Roka (Orc:4)
  Maud (Lair:7)
  The ghost of fredomojojo the Grappler, a journeyman TrMo of Trog (Orc:4)
  A fire dragon (Volcano)
  2 vault guards (D:14)
  Harold (Lair:1)
  13 hydras
  A centaur warrior (D:13)
  2 catoblepae (Lair:6)
  3 orc high priests (Orc:4)
  7 death yaks
  Sonja (Lair:4)
  A deep elf knight (D:14)
  4 skeletal warriors (D:13)
  2 unseen horrors
  3 wizards (D:14)
  Pikel (D:6)
  6 orc knights
  2 hill giants
  9 ugly things
  2 griffons
  5 orc sorcerers
  2 cyclopes
  8 elephants
  3 gargoyles
  10 black mambas
  Joseph (D:8)
  A molten gargoyle (Volcano)
  A torpor snail (Lair:3)
  An efreet (D:14)
  A yaktaur (D:14)
  A kobold demonologist (D:12)
  12 komodo dragons
  24 spiny frogs
  2 fire drakes
  2 giant leeches
  A slime creature (Lair:7)
  A two-headed ogre (D:14)
  2 polar bears
  8 trolls
  Prince Ribbit (D:6)
  A trapdoor spider zombie (D:12)
  2 boulder beetles
  33 blink frogs
  A trapdoor spider (D:13)
  A vampire (D:14)
  2 wyverns
  Sigmund (D:6)
  2 shadows
  33 yaks
  2 hungry ghosts
  A spriggan (D:9)
  3 basilisks
  17 humans (D:14)
  2 deep elf magi
  3 fire bats (Volcano)
  4 steam dragons
  11 vampire mosquitoes
  3 wargs
  10 wolves
  A hell hound (Volcano)
  7 hippogriffs
  A naga (Lair:5)
  17 water moccasins
  6 mottled dragons
  Duvessa (D:5)
  10 porcupines
  18 orc warriors
  3 black bears
  2 sky beasts
  9 centaurs
  2 ice beasts
  4 slaves (D:6)
  3 phantoms
  6 ogres
  20 crocodiles
  The ghost of septik the Magician, an amateur DEFE (D:3)
  41 giant frogs
  3 big kobolds
  2 scorpions
  17 killer bees
  The ghost of BLOAX the Ruffian, a weakling TrMo (D:4)
  Dowan (D:5)
  2 electric eels (Lair:8)
  A lava snake (Volcano)
  8 wights
  3 crimson imps
  10 hounds
  13 iguanas
  4 jellies
  3 giant frog zombies
  Crazy Yiuf (D:6)
  3 giant frog skeletons
  18 orc priests
  5 centaur skeletons
  5 centaur zombies
  A gnoll shaman (D:6)
  24 orc wizards
  10 worker ants
  33 sheep
  A hound skeleton (D:5)
  2 hound zombies
  2 worker ant zombies
  6 adders
  4 gnolls (D:6)
  61 river rats
  A shadow imp (D:12)
  An adder zombie (D:9)
  An adder skeleton (D:4)
  A worm (D:3)
  9 giant geckos
  133 orcs
  6 bats
  10 giant cockroaches
  10 hobgoblins
  18 jackals
  5 quokkas
  4 ball pythons
  A giant gecko skeleton (D:4)
  12 giant newts
  10 goblins
  21 kobolds
  A quokka zombie (D:3)
  21 rats
  A fungus (Lair:8)
945 creatures vanquished.

Vanquished Creatures (others)
  A river rat (Lair:4)
  33 fungi
  30 plants
64 creatures vanquished.

Grand Total: 1009 creatures vanquished

Notes
Turn   | Place    | Note
--------------------------------------------------------------
     0 | D:1      | MDvedh the Minotaur Venom Mage began the quest for the Orb.
     0 | D:1      | Reached XP level 1. HP: 14/14 MP: 1/1
   109 | D:1      | Reached skill level 1 in Fighting
   285 | D:1      | Reached XP level 2. HP: 19/24 MP: 3/3
   817 | D:1      | Reached skill level 3 in Fighting
  1050 | D:2      | Reached XP level 3. HP: 31/31 MP: 4/4
  1628 | D:3      | Noticed septik's ghost (amateur DEFE)
  1644 | D:2      | Reached skill level 4 in Fighting
  2368 | D:3      | Killed septik's ghost
  2368 | D:3      | Reached skill level 5 in Fighting
  2368 | D:3      | Reached XP level 4. HP: 24/42 MP: 5/5
  2579 | D:3      | Reached XP level 5. HP: 49/49 MP: 6/6
  2678 | D:3      | Reached skill level 6 in Fighting
  3320 | D:3      | Noticed a phantom
  3350 | D:3      | Killed a phantom
  3350 | D:3      | Reached skill level 7 in Fighting
  3350 | D:3      | Reached XP level 6. HP: 26/60 MP: 7/7
  3569 | D:4      | Reached skill level 1 in Armour
  3856 | D:4      | Noticed BLOAX's ghost (weakling TrMo)
  4519 | D:4      | Killed BLOAX's ghost
  4764 | D:4      | Reached XP level 7. HP: 49/66 MP: 8/8
  4801 | D:4      | Found a snail-covered altar of Cheibriados.
  5418 | D:4      | Found a sacrificial altar of Ru.
  5513 | D:4      | Reached skill level 5 in Polearms
  5546 | D:5      | Entered Level 5 of the Dungeon
  5596 | D:5      | Found a shattered altar of Ashenzari.
  6065 | D:5      | Found a glowing drain.
  6066 | D:5      | Noticed Dowan
  6068 | D:5      | Noticed Duvessa
  6098 | D:5      | Killed Dowan
  6114 | Sewer    | Entered a sewer
  6150 | Sewer    | Reached XP level 8. HP: 70/73 MP: 9/9
  6909 | D:5      | Reached skill level 8 in Polearms
  6968 | D:5      | Killed Duvessa
  6968 | D:5      | Reached skill level 9 in Polearms
  7502 | D:6      | Found a staircase to the Ecumenical Temple.
  7506 | D:6      | Reached skill level 10 in Polearms
  7531 | Temple   | Entered the Ecumenical Temple
  7624 | Temple   | Became a worshipper of Warmaster Okawaru
  7740 | D:6      | Noticed Pikel
  7770 | D:6      | Killed Pikel
  7770 | D:6      | Reached * piety under Okawaru
  7770 | D:6      | Reached skill level 11 in Polearms
  7770 | D:6      | Reached XP level 9. HP: 46/79 MP: 10/10
  7802 | D:6      | Noticed Sigmund
  7809 | D:6      | Killed Sigmund
  8026 | D:6      | Reached skill level 12 in Polearms
  8155 | D:6      | Got a transparent ring mail
  8166 | D:6      | Identified the +0 ring mail of the Depths {rF+ Int+2 Dex+2} (You found it on level 6 of the Dungeon)
  8210 | D:6      | Noticed Thomus's ghost (novice HOFi)
  8637 | D:6      | Reached ** piety under Okawaru
  8728 | D:6      | Noticed Crazy Yiuf
  8737 | D:6      | Killed Crazy Yiuf
  8777 | D:6      | Found a burning altar of Makhleb.
  9075 | D:7      | Reached skill level 13 in Polearms
  9204 | D:7      | Noticed Prince Ribbit
  9244 | D:6      | Killed Prince Ribbit
  9573 | D:7      | Reached skill level 14 in Polearms
  9722 | D:7      | Reached *** piety under Okawaru
 10005 | D:8      | Noticed a red ugly thing
 10021 | D:8      | Killed a red ugly thing
 10021 | D:8      | Reached XP level 10. HP: 5/86 MP: 11/11
 10402 | D:8      | Reached skill level 5 in Armour
 10907 | D:8      | Found an ancient bone altar of Kikubaaqudgha.
 10910 | D:8      | Found an opulent altar of Gozag.
 10975 | D:8      | Found a glowing golden altar of the Shining One.
 11164 | D:8      | Noticed Joseph
 11188 | D:8      | Killed Joseph
 11188 | D:8      | Reached **** piety under Okawaru
 11188 | D:8      | Received a gift from Okawaru
 11188 | D:8      | Reached skill level 5 in Dodging
 11446 | D:8      | Gained mutation: You are partially covered in slimy green scales (AC +2). [mutagenic meat]
 11448 | D:8      | Gained mutation: Your body sometimes deteriorates upon taking damage. [mutagenic meat]
 11449 | D:8      | Gained mutation: You have very sharp teeth. [mutagenic meat]
 11450 | D:8      | Gained mutation: Scrolls take you a little longer to read. [mutagenic meat]
 11451 | D:8      | Gained mutation: Your spells are a little harder to cast, but a little more powerful. [mutagenic meat]
 11548 | D:8      | Identified a scroll of acquirement
 11912 | D:9      | Gained mutation: You are weak. (Str -2) [mutagenic meat]
 11913 | D:9      | Gained mutation: Scrolls take you longer to read. [mutagenic meat]
 12004 | D:9      | Found Fiogg's Armour Boutique.
 12013 | D:9      | Bought a +2 pair of boots for 231 gold pieces
 12080 | D:9      | Found Sonouhat's Jewellery Shoppe.
 12083 | D:9      | Bought a cursed ring of loudness for 63 gold pieces
 12083 | D:9      | Bought a cursed -2 ring of dexterity for 28 gold pieces
 12472 | D:9      | Found Comoit's Weapon Shoppe.
 12541 | D:9      | Found Gugiamir's Magic Scroll Boutique.
 12554 | D:9      | Bought a scroll of magic mapping for 38 gold pieces
 12554 | D:9      | Bought a scroll of blinking for 82 gold pieces
 12554 | D:9      | Bought a scroll of identify for 22 gold pieces
 12554 | D:9      | Bought a scroll of identify for 22 gold pieces
 12554 | D:9      | Bought a scroll of identify for 22 gold pieces
 12666 | D:10     | Entered Level 10 of the Dungeon
 12666 | D:10     | Found a staircase to the Orcish Mines.
 12666 | D:10     | Noticed a hill giant
 12674 | D:10     | Killed a hill giant
 12979 | D:10     | Reached ***** piety under Okawaru
 13198 | D:10     | Found a staircase to the Lair.
 13351 | D:10     | Got a bronze chain mail
 13362 | D:10     | Identified the +5 chain mail of Sorcery {rC+ MP-9 Int+2} (You found it on level 10 of the Dungeon)
 13494 | D:11     | Reached skill level 1 in Invocations
 13500 | D:11     | Reached XP level 11. HP: 80/92 MP: 3/12
 13767 | Lair:1   | Entered Level 1 of the Lair of Beasts
 13924 | Lair:1   | Noticed Harold
 13953 | Lair:1   | Killed Harold
 13978 | Lair:1   | Reached ****** piety under Okawaru
 13978 | Lair:1   | Reached skill level 5 in Invocations
 14160 | Lair:1   | Received a gift from Okawaru
 14299 | Lair:1   | Gained mutation: Scrolls take you much longer to read. [potion of mutation]
 14299 | Lair:1   | Lost mutation: Scrolls take you much longer to read. [potion of mutation]
 14299 | Lair:1   | Gained mutation: You are clumsy. (Dex -2) [potion of mutation]
 14712 | Lair:2   | Noticed a five-headed hydra
 14745 | Lair:2   | Killed a five-headed hydra
 14814 | Lair:2   | Received a gift from Okawaru
 14896 | Lair:2   | Noticed a six-headed hydra
 14906 | Lair:2   | Killed a six-headed hydra
 15419 | Lair:2   | Got a spiked scale mail {god gift}
 15430 | Lair:2   | Identified the +5 scale mail of the Locust {rF+ SInv} (Okawaru gifted it to you on level 2 of the Lair of Beasts)
 15437 | Lair:2   | Noticed a five-headed hydra
 15446 | Lair:2   | Killed a five-headed hydra
 15446 | Lair:2   | Reached skill level 10 in Invocations
 15486 | Lair:2   | Reached XP level 12. HP: 81/100 MP: 13/18
 15706 | Lair:2   | Noticed a seven-headed hydra
 15714 | Lair:2   | Killed a seven-headed hydra
 16361 | Lair:3   | Received a gift from Okawaru
 16697 | Lair:3   | Lost mutation: You are clumsy. (Dex -2) [potion of cure mutation]
 16697 | Lair:3   | Lost mutation: You are weak. (Str -2) [potion of cure mutation]
 16697 | Lair:3   | Lost mutation: Your spells are a little harder to cast, but a little more powerful. [potion of cure mutation]
 16697 | Lair:3   | Lost mutation: Your body sometimes deteriorates upon taking damage. [potion of cure mutation]
 17105 | Lair:4   | Noticed an eight-headed hydra
 17112 | Lair:4   | Killed an eight-headed hydra
 17364 | Lair:4   | Received a gift from Okawaru
 17364 | Lair:4   | Reached skill level 10 in Armour
 17367 | Lair:4   | Got a fine glaive {god gift}
 17368 | Lair:4   | Identified the +7 glaive of a ziggurat {chop, rF+ rC+ Dex-4} (Okawaru gifted it to you on level 4 of the Lair of Beasts)
 17862 | Lair:4   | Noticed Sonja
 17864 | Lair:4   | Killed Sonja
 18273 | Lair:4   | Reached skill level 10 in Fighting
 18729 | Lair:5   | Found a staircase to the Swamp.
 18745 | Lair:5   | Found a staircase to the Snake Pit.
 18758 | Lair:5   | Reached skill level 10 in Dodging
 18810 | Lair:5   | Received a gift from Okawaru
 19790 | Lair:5   | Reached XP level 13. HP: 113/113 MP: 17/19
 19928 | Lair:5   | Noticed an eight-headed hydra
 19940 | Lair:5   | Killed an eight-headed hydra
 20154 | Lair:5   | Noticed a six-headed hydra
 20162 | Lair:5   | Killed a six-headed hydra
 20663 | Lair:6   | Received a gift from Okawaru
 20936 | Lair:6   | Received a gift from Okawaru
 20939 | Lair:6   | Got a slimy chain mail {god gift}
 20950 | Lair:6   | Identified the +5 chain mail of the Tundras {rC- rN++ Str+2} (Okawaru gifted it to you on level 6 of the Lair of Beasts)
 22372 | Lair:7   | Noticed Maud
 22394 | Lair:7   | Killed Maud
 22529 | Lair:7   | Gained mutation: You are frail (-10% HP). [potion of mutation]
 22529 | Lair:7   | Gained mutation: You are resistant to hostile enchantments. [potion of mutation]
 22793 | Lair:7   | Found a viscous altar of Jiyva.
 22794 | Lair:7   | Found a staircase to the Slime Pits.
 23168 | Lair:8   | Entered Level 8 of the Lair of Beasts
 23198 | Lair:7   | Reached XP level 14. HP: 66/114 MP: 14/20
 23199 | Lair:7   | Received a gift from Okawaru
 24828 | Lair:8   | Received a gift from Okawaru
 25555 | Lair:8   | Received a gift from Okawaru
 25693 | Lair:8   | Identified the Papyrus of Floating Battle Magic (You found it on level 8 of the Lair of Beasts)
 26497 | Orc:1    | Entered Level 1 of the Orcish Mines
 26870 | Orc:4    | Entered Level 4 of the Orcish Mines
 26870 | Orc:4    | Found a bloodstained altar of Trog.
 26870 | Orc:4    | Noticed fredomojojo's ghost (journeyman TrMo)
 27261 | Orc:4    | Found a dark tunnel.
 27267 | Volcano  | Entered a volcano
 27356 | Volcano  | Found a bloodstained altar of Trog.
 27534 | Orc:4    | Found Safokimu's Gadget Shop.
 27624 | Orc:4    | Noticed Saint Roka
 28007 | Orc:4    | Killed Saint Roka
 28441 | Orc:4    | Reached XP level 15. HP: 108/125 MP: 21/21
 28758 | Orc:4    | Gained mutation: Your spells are a little easier to cast, but a little less powerful. [a neqoxec]
 28771 | Orc:4    | Received a gift from Okawaru
 28832 | Orc:4    | Found Sojekliripn's Weapon Shop.
 28832 | Orc:4    | Found Nytagal's Armour Shoppe.
 28834 | Orc:4    | Found Ofufraog's Weapon Shop.
 28834 | Orc:4    | Found Syppaic's Gadget Shoppe.
 29281 | Orc:4    | Killed fredomojojo's ghost
 29491 | Orc:4    | Found a staircase to the Elven Halls.
 30432 | D:12     | Found a shadowy altar of Dithmenos.
 30835 | D:12     | Gained mutation: Your flesh is cold resistant. [mutagenic meat]
 30836 | D:12     | Lost mutation: Your spells are a little easier to cast, but a little less powerful. [mutagenic meat]
 31392 | D:12     | Reached skill level 15 in Polearms
 33072 | D:13     | Reached skill level 15 in Armour
 33439 | D:13     | Received a gift from Okawaru
 33873 | D:14     | Reached skill level 15 in Fighting
 34388 | D:14     | Found a gate to the Vaults.
 34881 | D:15     | Entered Level 15 of the Dungeon
 35015 | D:15     | Reached skill level 16 in Polearms
 35135 | D:15     | Noticed Rupert
 35169 | D:15     | Mangled by Rupert

Action                   |  1- 3 |  4- 6 |  7- 9 | 10-12 | 13-15 || total
-------------------------+-------+-------+-------+-------+-------++-------
Melee: Short sword       |   163 |       |       |       |       ||   163
       Unarmed           |     2 |       |       |       |       ||     2
       Spear             |    37 |   266 |    83 |       |       ||   386
       Trident           |       |       |   503 |   712 |       ||  1215
       Demon trident     |       |       |       |   329 |  2245 ||  2574
Throw: Tomahawk          |       |     2 |       |       |       ||     2
       Javelin           |       |       |       |       |     4 ||     4
 Cast: Sting             |     2 |       |       |       |       ||     2
Invok: Heroism           |       |       |     1 |    13 |    11 ||    25
       Finesse           |       |       |       |     1 |     4 ||     5
Evoke: Wand              |       |       |       |     2 |     3 ||     5
  Use: Scroll            |       |     8 |     9 |    12 |    10 ||    39
       Potion            |       |     3 |     5 |     3 |     4 ||    15
 Stab: Distracted        |       |       |       |     1 |       ||     1
       Sleeping          |       |       |       |       |     1 ||     1
  Eat: Chunk             |     5 |     7 |     8 |    31 |    24 ||    75
       Royal jelly       |       |       |     2 |       |     2 ||     4
       Beef jerky        |       |       |     1 |       |       ||     1
       Meat ration       |       |       |     2 |       |       ||     2
       Bread ration      |       |       |       |     2 |     6 ||     8
       Fruit             |       |       |       |     4 |       ||     4
       Pizza             |       |       |       |       |     1 ||     1
